 Dungeon Crawl Stone Soup version 0.28-a0-1182-g381e24db82 (webtiles) character file.

Game seed: 5915613590335036359

16 lonewolfV2 the Sneak (level 2, -21/13 HPs)
             Began as a Vine Stalker Enchanter on Dec 16, 2021.
             Killed by an exploding hobgoblin (32 damage)
             ... ignited by their inner flame
             ... on level 1 of the Dungeon.
             The game lasted 00:01:16 (727 turns).

lonewolfV2 the Sneak (Vine Stalker Enchanter)        Turns: 727, Time: 00:01:17

Health: -21/13     AC:  2    Str: 10    XL:     2   Next: 58%
Magic:  0/6        EV:  9    Int: 15    God:
Gold:   15         SH:  9    Dex: 14    Spells: 5/5 levels left

rFire   . . .      SeeInvis .   a - +1 dagger
rCold   . . .      Faith    .   f - +2 kite shield
rNeg    . . .      Spirit   +   b - +0 robe
rPois   .          Reflect  .   (no helmet)
rElec   .          Harm     .   (no cloak)
rCorr   .          Rampage  .   (no gloves)
Will    .....                   (no boots)
Stlth   +++.......              (no amulet)
HPRegen 0.04/turn               (no ring)
MPRegen 0.10/turn               (no ring)

@: no status effects
A: fangs 2, magic shield, antimagic bite, no potion heal 2
a: no special abilities


You were on level 1 of the Dungeon.
You visited 1 branch of the dungeon, and saw 1 of its levels.

You collected 15 gold pieces.

Inventory:

Hand Weapons
 a - a +1 dagger (weapon)
Armour
 b - a +0 robe (worn)
 f - a +2 kite shield (worn)
Potions
 c - a potion of invisibility
 e - a potion of resistance
 g - 2 potions of cancellation
 i - a potion of curing {unknown}


   Skills:
 + Level 0.8 Short Blades
 + Level 1.7 Dodging
 + Level 4.1 Stealth
 + Level 2.3 Spellcasting
 + Level 3.2 Hexes


You had 5 spell levels left.
You didn't know any spells.
Your spell library contained the following spells:

 Spells                   Type           Power      Damage    Failure   Level
 Ensorcelled Hibernation  Hex/Ice        12%        N/A       75%         2
 Confusing Touch          Hex            11%        N/A       75%         3
 Tukima's Dance           Hex            11%        N/A       75%         3
 Dazzling Flash           Conj/Hex       12%        N/A       93%         3


Dungeon Overview and Level Annotations

Branches:
Dungeon (1/15)

Altars:


Innate Abilities, Weirdness & Mutations

You have extremely sharp teeth.
When hurt, damage is shared between your health and your magic reserves.
Your bite disrupts and absorbs the magic of your enemies.
Potions cannot restore your health.


Message History

A ball python is nearby!
The ball python hisses angrily.
A goblin comes into view. It is wielding a +0 club.
The goblin shouts!
You barely miss the ball python. You bite the ball python. You drain its power.
The ball python is heavily wounded.
You block the ball python's attack. x2; The ball python barely misses you.
The ball python closely misses you.
You hit the ball python.
You kill the ball python!
You see here a +0 ring mail.
You hit the goblin.
You kill the goblin!
You see here a +0 club.
Found a stone staircase leading down.
HP restored.
h - a scroll labelled UPINAKL COLL
i - a lumpy cyan potion
h - 2 scrolls labelled UPINAKL COLL (gained 1)
A hobgoblin comes into view.
A hobgoblin is nearby!
As you read the scroll labelled UPINAKL COLL, it crumbles to dust.
It is a scroll of identify.
g - 2 potions of cancellation
As you read the scroll of identify, it crumbles to dust.
e - a potion of resistance
As you read the scroll labelled ZIUMMU SYORY, it crumbles to dust.
The creatures around you are filled with an inner flame!
It was a scroll of immolation.
The hobgoblin shouts!
You hit the hobgoblin but do no damage. You block the hobgoblin's attack.
The hobgoblin hits you.
You hit the hobgoblin.
Flame seeps out of the hobgoblin.
The hobgoblin is severely wounded.
A kobold comes into view. It is wielding a +2 dagger of flaming.
The hobgoblin is engulfed in blazing flames.
The hobgoblin explodes!
The fiery explosion engulfs you!!!
Ouch! That really hurt!
You die...

########################
#....§§§................
.....§○@...........#####
#.###§#§#######.##.##...
# #.# #.##.##... #.#
#.##.##... ....
#.##..#... .....##
#.###.#... .K.......#.#
#.#...
......##.#.###.#..†
.........)†.....


You could see a kobold (wandering).

Vanquished Creatures
  3 endoplasms (D:1)
  2 goblins (D:1)
  A hobgoblin (D:1)
  A kobold (D:1)
  2 ball pythons (D:1)
  3 bats (D:1)
  2 frilled lizards (D:1)
  2 rats (D:1)
16 creatures vanquished.

Notes
Turn   | Place    | Note
-------+----------+-------------------------------------------
     0 | D:1      | lonewolfV2 the Vine Stalker Enchanter began the quest for
                  | the Orb.
     0 | D:1      | Reached XP level 1. HP: 9/9 MP: 4/4
   133 | D:1      | Reached XP level 2. HP: 4/13 MP: 6/6
   441 | D:1      | Reached skill level 4 in Stealth
   727 | D:1      | Killed by an exploding hobgoblin... ignited by their inner
                  | flame

Illustrated notes

Levels and vault maps discovered:
D:1:      dpeg_arrival_refuge, layout_basic

Skill      XL: |  1  2 |
---------------+-------+-----
Stealth        | 4 |  4.1
Short Blades   | |  0.8
Dodging        | |  1.7
Spellcasting   | |  2.3
Hexes          | |  3.2

Action                   || total
-------------------------++-------
Melee: Dagger            ||    36
       Bite              ||     8
  Use: Scroll            ||     3
 Stab: Sleeping          ||     2
Armor: Robe              ||    13
Dodge: Dodged            ||    15
Block: Kite shield       ||    20

Table legend: (Time is in decaauts)
 A = Elapsed time spent in this place.
 B = Non-inter-level travel time spent in this place.
 C = Inter-level travel time spent in this place.
 D = Time resting spent in this place.
 E = Time spent auto-exploring this place.
 F = Levels seen in this place.
 G = Mean time per level.
                   A        B        C        D        E       F      G
               +--------+--------+--------+--------+--------+-----+--------+
         Total |    736 |    736 |      0 |     34 |    535 |   1 |  736.0 |
       Dungeon |    736 |    736 |      0 |     34 |    535 |   1 |  736.0 |
               +--------+--------+--------+--------+--------+-----+--------+

Top non-repeatable levels by time:
     D:1: 736 daAuts
